 Dungeon Crawl Stone Soup version 0.27-a0-1502-g47ed6a6988 (webtiles) character file.

Game seed: 1798798150994328089

89511 ABBCCCDDDD the Warrior (level 16, -5/116 HPs)
             Began as a Djinni Hedge Wizard on July 9, 2021.
             Was the Champion of Hepliaklqana.
             Killed from afar by a storm dragon (39 damage)
             ... with a bolt of lightning
             ... on level 12 of the Dungeon.
             The game lasted 01:37:09 (32958 turns).

ABBCCCDDDD the Warrior (Djinni Hedge Wizard)       Turns: 32958, Time: 01:37:10

Health: -5/116     AC:  7    Str: 11    XL:     16   Next: 44%
Gold:   1741       EV: 17    Int: 21    God:    Hepliaklqana [******] SH:  5 Dex: 13

rFire    + + .     SeeInvis +   l - +1 dagger (flame)
rCold    + . .     Faith    .   m - +0 buckler
rNeg     . . .     Spirit   .   t - +0 leather armour {rC+}
rPois    ∞         Reflect  .   c - +0 hat
rElec    .         Harm     .   i - +0 cloak
rCorr    .         Rampage  .   y - +0 pair of gloves
Will     +....                  (boots unavailable)
Stlth    ++........             (no amulet)
HPRegen  0.29/turn              h - ring of protection from cold
MPRegen  0.00/turn              T - ring of see invisible

@: flying
A: reduced essence, sickness immunity, fire resistance 2, cold vulnerability 1,
float, innate caster, hp casting, extra vitality 1
a: Renounce Religion, Recall Ancestor, Ancestor Identity, Transference, Idealise


You were on level 12 of the Dungeon.
You worshipped Hepliaklqana.
Hepliaklqana was exalted by your worship.
You visited 2 branches of the dungeon, and saw 18 of its levels.
You also visited: Ice Cave and Volcano.

You collected 1741 gold pieces.

Inventory:

Hand Weapons
 d - a +1 flail of flaming
 l - a +1 dagger of flaming (weapon)
 E - a +5 long sword of freezing
 V - the +7 pair of quick blades "Gyre" and "Gimble" {protect}
   (You found it on level 4 of the Lair of Beasts)

   It grants its wielder temporary protection when it strikes (+7 to AC).
 W - the +6 hand axe of Firicre {vorpal, Fly rElec rC- Stlth+}
   (You found it on level 4 of the Lair of Beasts)

   It inflicts extra damage upon your enemies.
   rC:        It makes you vulnerable to cold.
   rElec:     It insulates you from electricity.
   Fly:       It grants you flight.
   Stlth:     It makes you more stealthy.
Missiles
 g - 14 javelins
 u - 11 throwing nets
Armour
 c - a +0 hat (worn)
 i - a +0 cloak (worn)
 m - a +0 buckler (worn)
 t - a +0 leather armour of cold resistance (worn)
 y - a +0 pair of gloves (worn)
 C - the +1 ring mail of the Onion {Stlth+}
   (You found it on level 7 of the Dungeon)

   Stlth:     It makes you more stealthy.
 K - a +2 robe of willpower
 L - a +2 leather armour of fire resistance
 Z - a +3 ring mail of cold resistance
Jewellery
 b - a ring of willpower
 h - a ring of protection from cold (left hand)
 I - a +4 ring of protection
 J - a ring of protection from fire
 T - a ring of see invisible (right hand)
Wands
 n - a wand of charming (35)
 q - a wand of paralysis (51)
 O - a wand of flame (60)
 S - a wand of iceblast (8)
 U - a wand of digging (11)
Scrolls
 e - 3 scrolls of immolation
 j - 6 scrolls of magic mapping {unknown}
 k - 6 scrolls of teleportation
 s - 4 scrolls of enchant weapon {unknown}
 A - a scroll of fog {unknown}
 B - a scroll of vulnerability {unknown}
 F - a scroll of torment {unknown}
 H - a scroll of summoning {unknown}
 N - a scroll of blinking {unknown}
 P - a scroll of fear {unknown}
 Q - 4 scrolls of enchant armour {unknown}
 Y - a scroll of silence
Potions
 a - a potion of heal wounds
 f - 8 potions of curing
 o - a potion of flight {unknown}
 p - 5 potions of mutation
 r - 2 potions of might {unknown}
 v - a potion of lignification {unknown}
 w - 2 potions of resistance
 x - 3 potions of brilliance {unknown}
 z - 4 potions of haste {unknown}
 D - 3 potions of berserk rage {unknown}
 G - 2 potions of magic {unknown}
 M - 10 potions of ambrosia
 R - 2 potions of attraction {unknown}
 X - a potion of invisibility {unknown}


   Skills:
 + Level 16.7 Fighting
 + Level 9.6 Armour
 + Level 12.5 Dodging
 - Level 3.2 Stealth
 - Level 4.0 Shields
 - Level 9.0 Spellcasting
 - Level 8.0 Invocations
 - Level 8.0 Evocations


You couldn't memorise any spells.
You knew the following spells:

 Your Spells              Type           Power      Damage    Failure   Level
a - Magic Dart            Conj           100%       1d8       1%          1
b - Blink                 Tloc           N/A        N/A       1%          2
c - Call Imp              Summ           47%        N/A       1%          2
d - Slow                  Hex            47%        N/A       1%          2
e - Conjure Flame         Conj/Fire      47%        6-21      1%          3
f - Mephitic Cloud        Conj/Pois/Air  47%        N/A       1%          3
g - Foxfire               Conj/Fire      100%       2x1d9     1%          1
h - Corpse Rot            Necr/Air       N/A        N/A       1%          2
i - Stone Arrow           Conj/Erth      94%        3d12      1%          3
j - Petrify               Tmut/Erth      47%        N/A       2%          4
k - Ice Form              Ice/Tmut       47%        N/A       2%          4
l - Borgnjor's Vile Clut  Necr/Erth      23%        N/A       6%          5
m - Starburst             Conj/Fire      23%        8x6d8     32%         6
Your spell library was empty.

Dungeon Overview and Level Annotations

Branches:
Dungeon (12/15)            Temple (0/1) D:4            Lair (6/6) D:8
  Swamp (0/4) Lair:3       Spider (0/4) Lair:3        Slime (0/5) Lair:6
    Orc (0/2) D:12          IceCv (visited)         Volcano (visited)

Altars:
Ashenzari
Hepliaklqana
Jiyva

Annotations:
D:10 4 runed translucent doors
D:12 Nergalle


Innate Abilities, Weirdness & Mutations

Your life essence is reduced to manifest your ancestor. (-10% HP)
You are immune to sickness and miasma.
You are immune to poison.
Your flesh is very heat resistant. (rF++)
You are vulnerable to cold. (rC-)
You float through the air rather than walking.
You learn spells naturally, not from books.
Your magical power is your life essence.
You have superior vitality. (+4 HP)


Message History

The storm dragon claws Publius!
The storm dragon closely misses Publius.
Publius points at the storm dragon and mumbles some strange words.
The stone arrow hits the storm dragon!
Your white imp closely misses the storm dragon.
Casting: Borgnjor's Vile Clutch (dangerous; 6% risk of failure)
Confirm with . or Enter, or press ? or * to list all spells.
Aiming: Borgnjor's Vile Clutch (dangerous; 6% risk of failure)
Press: ? - help, Shift-Dir - straight line, f/p - storm dragon
Aim: a storm dragon (severely wounded, catching its breath, ally target, 100% to hit)
Your iron imp is unaffected.
Zombie hands grab the storm dragon.
* * * LOW HITPOINT WARNING * * *
Your surroundings suddenly seem different.
The zombie hands lose their grip on something.
Publius is recalled.
There is an open door here.
There is a staircase to the Orcish Mines here.
You start resting.
Ancestor HP restored.
You start resting.
A storm dragon comes into view.
Things that are here:
a +0 leather armour; a +0 club The storm dragon breathes lightning at you.
The bolt of lightning hits Publius!!!
The bolt of lightning misses you.
You see here a +0 short sword.
The storm dragon breathes lightning at you.
The bolt of lightning hits Publius!!
Publius is destroyed!
The bolt of lightning hits you!
Items here: )) [[.
Things that are here:
a +0 chain mail; a +0 dagger The storm dragon roars deafeningly!
The storm dragon breathes lightning at you.
The bolt of lightning hits you!!!
* * * LOW HITPOINT WARNING * * *
The bolt of lightning hits you!!!
You die...

....###########.# #.# ....#
#.# #5# ....# #.# #.# >...#
#.# #5# ....###### #.# #.#
.........# #D# #.#
###(.....# #.# #.# #
#.)....# #.########.##
###......######.@.<.......#
..'.............#.#########
###......######.#.#
............# #.#.#
(.#########.###.#.#
....(.........#[#.#####
..####.####.#.#D#.....##
.............)..#.###..#
........D..[..)[.#####'#


You could see 2 storm dragons.

Vanquished Creatures
  A frost giant (IceCv)
  A red draconian (Volcano)
  8 hydras
  2 boulder beetles
  A catoblepas (Lair:4)
  A rakshasa (D:12)
  2 two-headed ogres
  A centaur warrior (D:12)
  6 death yaks
  A salamander mystic (Volcano)
  A deep elf pyromancer (D:12)
  3 oklob plants (Lair:4)
  2 salamanders (Volcano)
  A manticore (Lair:6)
  4 elephants
  5 cane toads
  2 black mambas (Lair:6)
  2 molten gargoyles (Volcano)
  A gargoyle (D:12)
  4 rime drakes (IceCv)
  A kobold demonologist (D:12)
  A freezing wraith (D:12)
  A yaktaur (D:12)
  An unseen horror (D:11)
  A komodo dragon (Lair:4)
  A queen bee (D:12)
  3 polar bears (IceCv)
  3 meliai (D:12)
  2 trolls (D:10)
  15 blink frogs
  5 dream sheep (Lair:6)
  2 shadows
  A redback (Lair:3)
  2 wraiths (D:11)
  A vampire (D:10)
  A wyvern (D:10)
  34 yaks
  6 vampire mosquitoes
  2 basilisks (Lair:1)
  A warg (D:12)
  4 water moccasins
  A hell hound (Lair:1)
  A sky beast (D:5)
  2 black bears (Lair:2)
  An orc warrior (D:12)
  A necrophage (D:7)
  8 wolves
  4 centaurs
  2 kobold brigands
  4 bullfrogs
  A scorpion (D:5)
  3 gnoll sergeants
  A two-headed ogre simulacrum (D:11)
  8 wights
  9 killer bees (D:12)
  2 electric eels
  4 howler monkeys
  A crimson imp (D:7)
  2 lava snakes (Volcano)
  A bullfrog zombie (D:5)
  2 centaur zombies
  2 orc priests
  4 hounds
  A gnoll shaman (D:6)
  An iguana (D:3)
  4 orc wizards
  A howler monkey zombie (D:5)
  21 gnolls
  A naga simulacrum (D:11)
  5 adders
  A shadow imp (D:8)
  4 white imps
  An ufetubus (D:4)
  An adder skeleton (D:4)
  2 worms (D:5)
  A dart slug (D:1)
  23 orcs
  6 endoplasms
  8 goblins
  2 hobgoblins
  14 jackals
  24 kobolds
  2 quokkas
  10 ball pythons
  3 bats
  5 frilled lizards
  6 rats
348 creatures vanquished.

Vanquished Creatures (collateral kills)
  A fire giant (D:12)
  A stone giant (D:12)
  4 hydras
  3 catoblepae (Lair:6)
  9 death yaks
  2 two-headed ogres
  A skeletal warrior (D:9)
  A bog body (Lair:3)
  A deep elf archer (D:12)
  2 ugly things (D:12)
  3 manticores
  2 salamanders (Volcano)
  An oklob plant (Lair:4)
  5 elephants (Lair:6)
  An ice statue (IceCv)
  3 black mambas
  Maggie (D:7)
  11 cane toads
  Psyche (D:8)
  2 unseen horrors
  3 rime drakes
  2 kobold demonologists
  7 komodo dragons
  2 jumping spiders (Lair:3)
  A troll (D:12)
  Grinder (D:5)
  A polar bear (Lair:6)
  10 blink frogs
  7 dream sheep (Lair:6)
  A meliai zombie (D:10)
  A shadow (D:10)
  A redback (Lair:3)
  2 wraiths (D:9)
  A wyvern (Lair:4)
  2 fire bats (Volcano)
  44 yaks
  A basilisk (Lair:4)
  3 steam dragons
  4 vampire mosquitoes
  A hell hound (Lair:1)
  12 water moccasins
  An orc warrior (D:10)
  A sky beast (D:6)
  An ogre (D:7)
  A black bear (Lair:2)
  13 wolves
  4 centaurs
  2 kobold brigands
  6 bullfrogs
  2 scorpions
  2 gnoll sergeants (D:6)
  2 two-headed ogre simulacra (D:11)
  15 killer bees
  5 wights
  7 howler monkeys
  2 lava snakes (Volcano)
  5 centaur zombies
  3 hounds
  2 jellies (D:7)
  An orc priest (D:12)
  2 gnoll shamans (D:6)
  3 iguanas
  2 orc wizards
  A hound skeleton (D:4)
  A howler monkey zombie (D:7)
  15 gnolls
  A naga simulacrum (D:11)
  An ufetubus (D:4)
  2 dart slugs
  8 orcs
  3 bats
  An endoplasm (D:4)
  A giant cockroach (D:1)
  A hobgoblin (D:2)
  3 jackals
  4 kobolds
  A quokka (D:2)
  66 foxfires
353 creatures vanquished.

Vanquished Creatures (others)
  A polar bear (IceCv)
  A wolf (IceCv)
  29 battlemagi
  A bush (Lair:5)
  2485 foxfires
  58 fungi
  86 plants
2661 creatures vanquished.

Grand Total: 3362 creatures vanquished

Notes
Turn   | Place    | Note
-------+----------+-------------------------------------------
     0 | D:1      | ABBCCCDDDD the Djinni Hedge Wizard began the quest for the
                  | Orb.
     0 | D:1      | Reached XP level 1. HP: 15/15 MP: 0/0
   372 | D:1      | Found a faded altar of an unknown god.
   379 | D:1      | Reached XP level 2. HP: 18/21 MP: 0/0
   425 | D:1      | Became a worshipper of Hepliaklqana the Forgotten
   425 | D:1      | Reached * piety under Hepliaklqana
   956 | D:1      | Reached XP level 3. HP: 16/22 MP: 0/0
   956 | D:1      | Learned a level 1 spell: Foxfire
  2059 | D:2      | Reached ** piety under Hepliaklqana
  2091 | D:2      | Remembered your ancestor Publius as a battlemage
  2094 | D:2      | Reached XP level 4. HP: 25/27 MP: 0/0
  2866 | D:3      | Reached XP level 5. HP: 21/31 MP: 0/0
  2866 | D:3      | Learned a level 2 spell: Corpse Rot
  3448 | D:3      | Reached skill level 1 in Shields
  3448 | D:3      | Reached XP level 6. HP: 33/36 MP: 0/0
  3695 | D:4      | Found a broken altar of Ashenzari.
  3742 | D:4      | Reached skill level 1 in Fighting
  3952 | D:4      | Found a staircase to the Ecumenical Temple.
  4602 | D:5      | Entered Level 5 of the Dungeon
  4602 | D:5      | Reached *** piety under Hepliaklqana
  4657 | D:5      | Reached skill level 2 in Fighting
  4657 | D:5      | Reached XP level 7. HP: 42/44 MP: 0/0
  4657 | D:5      | Learned a level 3 spell: Stone Arrow
  5084 | D:5      | Noticed Grinder
  5090 | D:5      | Killed Grinder
  5091 | D:5      | Reached skill level 4 in Fighting
  5091 | D:5      | Reached XP level 8. HP: 39/52 MP: 0/0
  5370 | D:5      | Reached skill level 5 in Fighting
  6005 | D:6      | Reached **** piety under Hepliaklqana
  6056 | D:6      | Reached skill level 6 in Fighting
  6266 | D:6      | Reached XP level 9. HP: 56/59 MP: 0/0
  6266 | D:6      | Learned a level 4 spell: Petrify
  6336 | D:6      | Reached skill level 5 in Spellcasting
  6762 | D:6      | Reached skill level 1 in Evocations
  7510 | D:7      | Noticed a four-headed hydra
  7535 | D:7      | Killed a four-headed hydra
  7536 | D:7      | Reached XP level 10. HP: 58/64 MP: 0/0
  7680 | D:7      | Noticed a five-headed hydra
  7873 | D:7      | Noticed a kobold demonologist
  7881 | D:7      | Killed a kobold demonologist
  8154 | D:7      | Identified the +1 ring mail of the Onion {Stlth+}
  8308 | D:7      | Noticed Maggie
  8327 | D:7      | Killed Maggie
  8479 | D:7      | Reached skill level 1 in Armour
  9332 | D:7      | Killed a five-headed hydra
  9333 | D:7      | Reached skill level 5 in Dodging
  9424 | D:7      | Reached XP level 11. HP: 65/70 MP: 0/0
  9424 | D:7      | Learned a level 4 spell: Ice Form
  9693 | D:8      | Noticed Psyche
  9746 | D:7      | Reached skill level 7 in Fighting
 10262 | D:8      | Killed Psyche
 10309 | D:8      | Noticed a two-headed ogre
 10313 | D:8      | Killed a two-headed ogre
 10481 | D:8      | Found a staircase to the Lair.
 10875 | Lair:1   | Entered Level 1 of the Lair of Beasts
 10882 | Lair:1   | Reached skill level 8 in Fighting
 10996 | Lair:1   | Found a dark tunnel.
 11009 | Volcano  | Entered a volcano
 11100 | Volcano  | Reached ***** piety under Hepliaklqana
 11388 | Volcano  | Found a burning altar of Makhleb.
 11388 | Volcano  | Noticed a salamander
 11388 | Volcano  | Noticed a salamander mystic
 11388 | Volcano  | Noticed a salamander
 11388 | Volcano  | Noticed a salamander
 11396 | Volcano  | Killed a salamander
 11398 | Volcano  | Killed a salamander mystic
 11399 | Volcano  | Killed a salamander
 11400 | Volcano  | Noticed a red draconian
 11407 | Volcano  | Killed a salamander
 11703 | Volcano  | Killed a red draconian
 11704 | Volcano  | Reached skill level 9 in Fighting
 11704 | Volcano  | Reached skill level 5 in Armour
 11704 | Volcano  | Reached XP level 12. HP: 19/80 MP: 0/0
 12869 | Lair:1   | Noticed a six-headed hydra
 12880 | Lair:1   | Killed a six-headed hydra
 12881 | Lair:1   | Reached skill level 10 in Fighting
 13727 | Lair:2   | Reached skill level 1 in Invocations
 14261 | Lair:2   | Reached XP level 13. HP: 82/88 MP: 0/0
 14261 | Lair:2   | Learned a level 5 spell: Borgnjor's Vile Clutch
 14582 | Lair:2   | Reached skill level 11 in Fighting
 15192 | Lair:3   | Found a staircase to the Swamp.
 15277 | Lair:3   | Noticed a four-headed hydra
 15285 | Lair:3   | Killed a four-headed hydra
 15320 | Lair:3   | Found a hole to the Spider Nest.
 16051 | Lair:4   | Noticed a catoblepas
 16064 | Lair:4   | Killed a catoblepas
 16065 | Lair:4   | Reached skill level 12 in Fighting
 16183 | Lair:4   | Noticed a boulder beetle
 16209 | Lair:4   | Killed a boulder beetle
 16357 | Lair:4   | Noticed a five-headed hydra
 16371 | Lair:4   | Killed a five-headed hydra
 16372 | Lair:4   | Reached skill level 5 in Invocations
 16686 | Lair:4   | Reached skill level 10 in Dodging
 17158 | Lair:4   | Noticed a six-headed hydra
 17166 | Lair:4   | Killed a six-headed hydra
 17374 | Lair:4   | Found the +7 pair of quick blades "Gyre" and "Gimble"
                  | {protect}
 17722 | Lair:4   | Identified the +6 hand axe of Firicre {vorpal, Fly rElec
                  | rC- Stlth+}
 17866 | Lair:5   | Noticed a four-headed hydra
 17878 | Lair:4   | Killed a four-headed hydra
 17879 | Lair:4   | Reached XP level 14. HP: 80/97 MP: 0/0
 17992 | Lair:5   | Reached skill level 13 in Fighting
 19792 | Lair:6   | Entered Level 6 of the Lair of Beasts
 19841 | Lair:6   | Found a staircase to the Slime Pits.
 19842 | Lair:6   | Found a viscous altar of Jiyva.
 19868 | Lair:6   | Reached skill level 14 in Fighting
 21514 | Lair:6   | Reached skill level 15 in Fighting
 22211 | Lair:6   | Reached ****** piety under Hepliaklqana
 22233 | Lair:6   | Reached XP level 15. HP: 91/108 MP: 0/0
 22233 | Lair:6   | Learned a level 6 spell: Starburst
 23138 | Lair:6   | Identified the +2 hand axe of Arrival {vorpal, Stlth+}
 24787 | D:9      | Found the +5 scythe "Finisher" {speed, eviscerate}
 24922 | D:10     | Entered Level 10 of the Dungeon
 25280 | D:10     | Found a large runed translucent door.
 25280 | D:10     | Found a large runed translucent door.
 25852 | D:10     | Found a large runed translucent door.
 25852 | D:10     | Found a large runed translucent door.
 26660 | D:11     | Found a frozen archway.
 26706 | IceCv    | Entered an ice cave
 26846 | IceCv    | Reached skill level 16 in Fighting
 27863 | IceCv    | Noticed a frost giant
 27882 | IceCv    | Killed a frost giant
 28789 | D:11     | Reached XP level 16. HP: 109/115 MP: 0/0
 29162 | D:12     | Found a staircase to the Orcish Mines.
 31017 | D:12     | Noticed a storm dragon
 31079 | D:12     | Noticed a fire giant
 31594 | D:12     | Killed a fire giant
 32457 | D:12     | Noticed Nergalle
 32945 | D:12     | Noticed a storm dragon
 32958 | D:12     | Killed from afar by a storm dragon

Illustrated notes

Levels and vault maps discovered:
D:1:      lightli_arrival_chessboard, layout_basic,
          shapermc_ecumenical_altar_starsandcircs
D:2:      layout_loops_cross
D:3:      layout_rooms, nicolae_underground_beach
D:4:      layout_basic, evilmike_ruin_ashenzari, minmay_temple_entry_poolview
D:5:      layout_gridville, uniq_grinder
D:6:      layout_cave_pools, serial_gnoll_camp, gnoll_camp_medium_02,
          gnoll_camp_mini_loothouse, gnoll_camp_huts_moat,
          gnoll_camp_mini_basic, gnoll_camp_mini_hut, minmay_misc_feat_tiny,
          water_maze_lemuel
D:7:      nzn_winding_woodlands_three_and_one
          [nzn_winding_woodlands_5x15_sidewinder,
          nzn_winding_woodlands_5x15_twine, nzn_winding_woodlands_5x15_eye,
          nzn_winding_woodlands_center_triple_pond], layout_loops_corners,
          minmay_fire_ice_demons, uniq_maggie
D:8:      layout_cave_pools, lair_entry_dummy, serial_column_ruins,
          column_ruins_pillar_7, column_ruins_pillar_3, column_ruins_pillar_7,
          column_ruins_pillar_1, column_ruins_pillar_2, column_ruins_pillar_9,
          column_ruins_pillar_1, column_ruins_pillar_2, column_ruins_pillar_7,
          column_ruins_pillar_9, column_ruins_pillar_2, column_ruins_pillar_4,
          column_ruins_pillar_2, column_ruins_pillar_6, column_ruins_pillar_2,
          column_ruins_pillar_9, column_ruins_pillar_6, column_ruins_pillar_1,
          column_ruins_pillar_9, column_ruins_pillar_2, uniq_psyche
D:9:      layout_small_grid, chequers_serial_rivers_marsh,
          hangedman_abyss_or_decor_stabs, minmay_guarded_unrand_finisher
D:10:     layout_cave_pools, minmay_hollow_rounded_squares
D:11:     layout_irregular_city, portal_ice_cave_entry_ice_simulacra
D:12:     minmay_octo_star, layout_basic, david_orc_3, special_room
          [special_room_bee], minmay_misc_feat_encased, grunt_ministairs_3,
          uniq_nergalle, uniq_gastronok
Lair:1:   layout_chaotic_city, enter_volcano_3, nicolae_lair_grove_arrangements,
          grunt_megastairs_5
Lair:2:   layout_cave_pods
Lair:3:   layout_loops_ring, skrybe_swamp_entry_bodies, spider_nest_entry_a
Lair:4:   layout_roguey, columned_hall_lemuel, serial_bayou_crossing,
          minmay_lair_oklob_chamber, serial_bayou_shore_b, grunt_megastairs_3
Lair:5:   layout_loops_ring, hangedman_lair_unloving_vines, grunt_megastairs_1
Lair:6:   evilmike_catoblepas_cave, layout_long_grid, slime_altar_1,
          chequers_serial_rivers_micro_d, chequers_serial_rivers_small_a,
          lemuel_fruit_fields, serial_bayou_shore_b

Skill      XL: |  1  2  3  4  5  6  7  8  9 10 11 12 13 14 15 16 |
---------------+-------------------------------------------------+-----
Stealth        | 2 3 |  3.2
Dodging        | 3 4 5 7 8 10 11 12 | 12.5
Spellcasting   | 3 4 6 7 8 9 |  9.0
Shields        | 1 3 4 |  4.0
Fighting       | 2 4 6 9 10 12 15 16 | 16.7
Evocations     | 6 8 |  8.0
Armour         | 2 5 6 8 9 |  9.6
Invocations    | 2 6 8 |  8.0

Action                   |  1- 3 |  4- 6 |  7- 9 | 10-12 | 13-15 | 16-18 || total
-------------------------+-------+-------+-------+-------+-------+-------++-------
Melee: Dagger            |     4 |     3 |     2 |     5 |    10 |     1 ||    25
       Unarmed           |       |       |       |     2 |       |       ||     2
 Cast: Magic Dart        |    88 |    48 |       |     8 |       |       ||   144
       Foxfire           |       |    39 |   214 |   320 |   888 |   122 ||  1583
       Call Imp          |       |     8 |    12 |    61 |   249 |    69 ||   399
       Stone Arrow       |       |       |     2 |    48 |     5 |     5 ||    60
       Slow              |       |       |     1 |     6 |       |       ||     7
       Conjure Flame     |       |       |       |     4 |       |       ||     4
       Petrify           |       |       |       |     1 |     2 |     2 ||     5
       Ice Form          |       |       |       |     1 |       |     1 ||     2
       Borgnjor's Vile C |       |       |       |       |   122 |    52 ||   174
       Blink             |       |       |       |       |     1 |     1 ||     2
       Mephitic Cloud    |       |       |       |       |       |     1 ||     1
Invok: Ancestor Life: Ba |     1 |       |       |       |       |       ||     1
       Recall Ancestor   |       |       |       |     1 |     3 |     3 ||     7
Evoke: Wand              |       |       |       |     9 |       |     1 ||    10
  Use: Scroll            |       |       |       |     4 |     2 |     2 ||     8
       Potion            |       |       |       |       |       |     3 ||     3
 Stab: Sleeping          |     2 |     3 |       |       |     3 |       ||     8
       Petrified         |       |       |       |     5 |       |       ||     5
Armor: Robe              |     2 |     4 |       |       |       |       ||     6
       Leather armour    |       |       |     2 |       |     2 |     7 ||    11
       Steam dragon scal |       |       |       |    29 |    35 |       ||    64
       Skin              |       |       |       |     1 |       |       ||     1
Dodge: Dodged            |    16 |     1 |     5 |    37 |    76 |    38 ||   173
Block: Buckler           |       |       |     3 |    10 |    33 |    20 ||    66

Table legend: (Time is in decaauts)
 A = Elapsed time spent in this place.
 B = Non-inter-level travel time spent in this place.
 C = Inter-level travel time spent in this place.
 D = Time resting spent in this place.
 E = Time spent auto-exploring this place.
 F = Levels seen in this place.
 G = Mean time per level.
                   A        B        C        D        E       F      G
               +--------+--------+--------+--------+--------+-----+--------+
         Total |  32973 |  31857 |   1116 |  13056 |  13007 |  20 | 1648.7 |
       Dungeon |  18255 |  17513 |    742 |   6328 |   8075 |  12 | 1521.2 |
          Lair |  11532 |  11158 |    374 |   4548 |   4750 |   6 | 1922.0 |
      Ice Cave |   1894 |   1894 |      0 |   1325 |    182 |   1 | 1894.0 |
       Volcano |   1290 |   1290 |      0 |    855 |      0 |   1 | 1290.0 |
               +--------+--------+--------+--------+--------+-----+--------+

Top non-repeatable levels by time:
    D:12: 3307 daAuts
  Lair:6: 3009 daAuts
     D:7: 2807 daAuts
  Lair:5: 2631 daAuts
  Lair:4: 1955 daAuts
   IceCv: 1894 daAuts
     D:6: 1753 daAuts
    D:11: 1469 daAuts
  Lair:2: 1462 daAuts
    D:10: 1361 daAuts
     D:2: 1348 daAuts
     D:1: 1305 daAuts
 Volcano: 1290 daAuts
  Lair:1: 1281 daAuts
  Lair:3: 1192 daAuts
